 Dungeon Crawl Stone Soup version 0.21.1-1-g345015f (webtiles) character file.

303 letownia2 the Magician (level 6, 41/41 HPs)
             Began as a Merfolk Wizard on Mar 10, 2018.
             Quit the game in the Ecumenical Temple.
             The game lasted 00:10:33 (1666 turns).

letownia2 the Magician (Merfolk Wizard)             Turns: 1666, Time: 00:10:34

Health: 41/41      AC:  2    Str:  9    XL:     6   Next: 38%
Magic:  11/11      EV: 13    Int: 17    God:
Gold:   102        SH:  0    Dex: 13    Spells: 1/12 levels left

rFire    . . .     SeeInvis .   a - +1 dagger (drain)
rCold    . . .     Gourm    .   (no shield)
rNeg     . . .     Faith    .   u - +0 robe
rPois    .         Spirit   .   v - +0 hat
rElec    .         Reflect  .   (no cloak)
rCorr    .         Harm     .   (no gloves)
MR       .....                  (no boots)
Stlth    ++........             (no amulet)
HPRegen  0.13/turn              (no ring)
MPRegen  0.12/turn              (no ring)

@: drained
A: change form in water, swift swim, stealthy swim
a: no special abilities


You were in the Ecumenical Temple.
You were not hungry.

You visited 2 branches of the dungeon, and saw 5 of its levels.

You collected 102 gold pieces.

Inventory:

Hand Weapons
 a - a +1 dagger of draining (weapon)
 b - a +2 scythe of venom
 i - a +0 dagger
 q - a +0 flail
 z - a +2 vampiric short sword
Armour
 m - a +0 ring mail
 n - a cursed +0 ring mail
 p - a +0 ring mail
 u - a +0 robe (worn)
 v - a +0 hat (worn)
Scrolls
 e - 2 scrolls of teleportation {unknown}
 f - 2 scrolls of noise {unknown}
 h - 2 scrolls of identify {unknown}
 k - 4 scrolls of enchant armour {unknown}
 l - a scroll of random uselessness {unknown}
 o - a scroll of remove curse {unknown}
 s - 2 scrolls of blinking {unknown}
 x - a scroll of fear {unknown}
 y - a scroll of magic mapping {unknown}
Potions
 g - 3 potions of degeneration {unknown}
 j - a potion of brilliance {unknown}
 r - a potion of heal wounds {unknown}
 t - 3 potions of mutation {unknown}
Books
 c - a book of Minor Magic

   Spells                             Type                      Level
   a - Magic Dart                     Conjuration                  1
   b - Blink                          Translocation                2
   c - Call Imp                       Summoning                    2
   d - Slow                           Hexes                        2
   e - Conjure Flame                  Conjuration/Fire             3
   f - Mephitic Cloud                 Conjuration/Poison/Air       3
Comestibles
 d - 3 rations
 w - 2 chunks of flesh


   Skills:
 * Level 2.0(1.8) Polearms
 - Level 2.6(2.5) Dodging
 - Level 2.1(2.0) Stealth
 + Level 3.6(3.4) Spellcasting
 - Level 2.5(2.3) Conjurations
 - Level 2.1(1.9) Summonings
 + Level 1.0(0.9) Translocations
 - Level 1.0(0.9) Fire Magic
 - Level 1.8(1.6) Air Magic
 - Level 2.4(2.2) Poison Magic


You had one spell level left.
You knew the following spells:

 Your Spells              Type           Power        Failure   Level  Hunger
a - Magic Dart            Conj           ##..         6%          1    None
b - Blink                 Tloc           N/A          17%         2    ##.....
c - Conjure Flame         Conj/Fire      #.......     26%         3    ###....
e - Mephitic Cloud        Conj/Pois/Air  #.......     22%         3    ###....
i - Call Imp              Summ           #.......     12%         2    ##.....


Dungeon Overview and Level Annotations

Branches:
Dungeon (4/15)             Temple (1/1) D:4

Altars:
Ashenzari
Dithmenos
Elyvilon
Gozag
Hepliaklqana
Nemelex Xobeh
Okawaru
Qazlal
Ru
Trog
Wu Jian


Message History

You see here a giant cockroach corpse.
You butcher the giant cockroach corpse.
w - 3 chunks of flesh (gained 1)
Found a bloodstained altar of Trog and an opulent altar of Gozag.
Eat one of 3 chunks of flesh? (ye/n/q)
You eat one of the 3 chunks of flesh.
This raw flesh tastes terrible.
Found a sparkling altar of Nemelex Xobeh.
Found a shattered altar of Ashenzari and a white marble altar of Elyvilon.
Found a hazy altar of Hepliaklqana.
There is a hazy altar of Hepliaklqana here.
Found an ornate altar of the Wu Jian Council.
Found an iron altar of Okawaru.
Found a shadowy altar of Dithmenos.
Okay, then.
You aren't carrying any pieces of jewellery.
Unknown command.
Wield which item (- for none, * to show all)? (? for menu, Esc to quit)
This weapon is vampiric, and you must be Full or above to equip it.
z - a vampiric short sword Are you sure you want to abandon this character and quit the game? (Confirm with "yes".)

#####._......._.#####
#...#...#####...#...# ###
#.⌠....##...##....⌠.# ###
#...#...#####._.#####...#...#
#._....##...........##...._.#
#...#...#.⌠.#####.⌠.#...#...#
### #._.....#...#....._.# ###
#...##.##._.##.##...#
#####...#..@#...#####
#._......._.# #...##.##...#
#####...##### #.<.# #...#
#####


There were no monsters in sight!

Vanquished Creatures
  Sigmund (D:2)
  An orc priest (D:2)
  Terence (D:2)
  A hound skeleton (D:4)
  4 gnolls
  An adder (D:3)
  2 dart slugs
  A leopard gecko (D:2)
  12 orcs
  A giant cockroach (Temple)
  A goblin (D:1)
  2 hobgoblins (D:3)
  2 jackals (D:4)
  3 bats
  2 frilled lizards (D:2)
  5 kobolds
  3 rats
43 creatures vanquished.

Vanquished Creatures (collateral kills)
  An orc priest (D:2)
  Jessica (D:2)
  2 adders (D:2)
  A worm (D:2)
  An orc (D:2)
  A ball python (D:2)
7 creatures vanquished.

Grand Total: 50 creatures vanquished

Notes
Turn   | Place    | Note
-------+----------+-------------------------------------------
     0 | D:1      | letownia2 the Merfolk Wizard began the quest for the Orb.
     0 | D:1      | Reached XP level 1. HP: 13/13 MP: 4/4
    47 | D:1      | Reached skill level 1 in Conjurations
   174 | D:2      | Reached XP level 2. HP: 13/19 MP: 0/6
   183 | D:1      | Learned a level 2 spell: Call Imp
   252 | D:2      | Noticed Sigmund
   351 | D:2      | Noticed Jessica
   380 | D:2      | Killed Jessica
   380 | D:2      | Reached XP level 3. HP: 18/24 MP: 4/7
   387 | D:2      | Learned a level 3 spell: Mephitic Cloud
   517 | D:2      | Reached skill level 1 in Poison Magic
   517 | D:2      | Reached XP level 4. HP: 20/30 MP: 1/8
   627 | D:2      | Reached skill level 1 in Air Magic
   766 | D:2      | Noticed Terence
   821 | D:2      | Killed Terence
   826 | D:2      | Learned a level 3 spell: Conjure Flame
  1056 | D:2      | Killed Sigmund
  1056 | D:2      | Reached XP level 5. HP: 30/35 MP: 2/10
  1119 | D:2      | Reached skill level 1 in Fire Magic
  1119 | D:2      | Reached XP level 6. HP: 7/41 MP: 6/11
  1123 | D:2      | Learned a level 2 spell: Blink
  1312 | D:3      | Found a sacrificial altar of Ru.
  1464 | D:3      | Reached skill level 1 in Polearms
  1486 | D:3      | Reached skill level 1 in Translocations
  1608 | D:4      | Found a staircase to the Ecumenical Temple.
  1620 | Temple   | Entered the Ecumenical Temple
  1666 | Temple   | Quit the game

Skill      XL: |  1  2  3  4  5  6 |
---------------+-------------------+-----
Conjurations   | 1 2 |  2.5
Poison Magic   | 1 2 |  2.4
Air Magic      | 1 |  1.8
Summonings     | 2 |  2.1
Fire Magic     | 1 |  1.0
Polearms       | 2 |  2.0
Translocations | 1 |  1.0
Dodging        | |  2.6
Stealth        | |  2.1
Spellcasting   | |  3.6

Action                   |  1- 3 |  4- 6 || total
-------------------------+-------+-------++-------
Melee: Dagger            |    32 |    61 ||    93
       Unarmed           |     1 |       ||     1
       Scythe            |       |    30 ||    30
 Cast: Magic Dart        |    28 |    12 ||    40
       Call Imp          |     5 |     6 ||    11
       Mephitic Cloud    |       |    11 ||    11
       Conjure Flame     |       |     1 ||     1
 Stab: Confused          |       |     3 ||     3
  Eat: Chunk             |       |     5 ||     5
Armor: Robe              |     4 |    10 ||    14
Dodge: Dodged            |    36 |    51 ||    87
